 Dungeon Crawl Stone Soup version bcrawl-1.27.6 (webtiles) character file.

Game seed: 17558444181085013581

312684 DogServant the Charmwright (level 10, -5/86 HPs)
             Began as a Sand Dwarf Skald on Oct 12, 2020.
             Slain by Harold
             ... wielding a +1 trident of freezing
              (18 damage)
             ... on level 8 of the Dungeon.
             The game lasted 00:15:50 (7529 turns).

DogServant the Charmwright (Sand Dwarf Skald)       Turns: 7529, Time: 00:15:51

Health: -5/86      AC: 11    Str: 18    XL:     10   Next: 36%
Magic:  2/13       EV: 13    Int: 15    God:
Gold:   571        SH:  0    Dex: 10    Spells: 6/13 levels left

rFire    + + .     SeeInvis .   w - +1 hand axe of Ascent {freeze, rN+}
rCold    x . .     Gourm    .   (shield restricted)
rNeg     + . .     Faith    .   o - +3 scale mail {rF+}
rPois    .         Spirit   .   q - +0 helmet
rElec    .         Reflect  .   (no cloak)
rCorr    .         Harm     .   (no gloves)
MR       +....                  (no boots)
Stlth    ..........             (no amulet)
HPRegen  0.24/turn              b - +4 ring of slaying
MPRegen  0.13/turn              p - ring of fire

@: infused, slow
A: small, slowness 1, armour attunement
a: no special abilities


You were on level 8 of the Dungeon.
You were not hungry.

You visited 1 branch of the dungeon, and saw 8 of its levels.
You also visited: Ossuary.

You collected 571 gold pieces.

Inventory:

Hand Weapons
 a - a +0 hand axe
 i - a +4 whip of electrocution
 m - a +2 war axe
 w - the +1 hand axe of Ascent (weapon) {freeze, rN+}
   (You found it on level 4 of the Dungeon)

   It has been specially enchanted to freeze those struck by it, increasing
   damage dealt by approximately one third against foes not resistant or
   susceptible to cold, and potentially slowing cold-blooded foes.
   It protects you from negative energy.
 C - a +1 war axe of venom
Armour
 o - a +3 scale mail of fire resistance (worn)
 q - a +0 helmet (worn)
 s - a +0 medium shield
 y - a +0 cloak
Jewellery
 b - a +4 ring of slaying (left hand)
 c - an uncursed ring of ice
 p - a ring of fire (right hand)
Wands
 u - a wand of flame (25)
Scrolls
 d - 2 scrolls of fear
 g - 6 scrolls of amnesia
 h - 8 scrolls of identify
 j - 3 scrolls of teleportation
 A - a scroll of enchant weapon {unknown}
 B - a scroll of blinking
Potions
 f - 2 potions of agility
 k - 3 potions of brilliance
 n - a potion of haste
 r - a potion of degeneration
 v - 3 potions of mutation {unknown}
 x - 2 potions of berserk rage {unknown}
 z - 3 potions of flight
Comestibles
 e - 7 rations {!d}
 D - a chunk of flesh


   Skills:
 + Level 7.4 Fighting
 + Level 6.4(7.6) Axes
 - Level 7.3(8.9) Maces & Flails
 - Level 5.3 Armour
 - Level 3.3 Dodging
 - Level 1.1 Shields
 - Level 2.2 Spellcasting
 + Level 4.5 Hexes
 + Level 7.8 Charms
 + Level 3.8 Earth Magic


You had 6 spell levels left.
You knew the following spells:

 Your Spells              Type           Power        Failure   Level  Hunger
a - Infusion              Chrm           ####....     1%          1    None
b - Song of Slaying       Chrm           ####....     1%          2    ##.....
c - Spectral Weapon       Hex/Chrm       ###.....     5%          3    ####...
d - Sandblast             Erth           ##....       4%          1    None

Your spell library contained the following spells:

 Spells                   Type           Power        Failure   Level  Hunger
 Slow                     Hex            ###.....     3%          1    None
 Ozocubu's Armour         Chrm/Ice       ##......     13%         3    ####...
 Regeneration             Chrm/Necr      ##........   13%         3    ####...
 Passwall                 Tmut/Erth      #.......     16%         2    ##.....
 Apportation              Tloc           #.....       22%         1    None
 Summon Butterflies       Summ           #.......     22%         1    None
 Summon Small Mammal      Summ           #...         22%         1    None
 Stone Arrow              Conj/Erth      #.....       30%         3    ####...
 Call Imp                 Summ           #.....       32%         2    ##.....
 Call Canine Familiar     Summ           #.......     54%         3    ####...
 Petrify                  Tmut/Erth      #.........   69%         4    ######.
 Lee's Rapid Deconstruct  Erth           ##........   77%         5    #######
 Summon Ice Beast         Ice/Summ       #.......     91%         4    ######.
 Summon Lightning Spire   Summ/Air       #.......     99%         5    #######


Dungeon Overview and Level Annotations

Branches:
Dungeon (8/12)             Temple (0/1) D:6
   Lair: D:7-9          Orc: D:8-11

Altars:
Nemelex Xobeh

Shops:
D:5 }

Annotations:
D:8 Harold, Joseph


Innate Abilities, Weirdness & Mutations

You are small and have problems with some larger weapons.
You cover ground slowly.
Armour does not affect your spellcasting.


Message History

Harold blocks your attack.
Harold is moderately wounded.
Joseph shoots a sling bullet.
The sling bullet hits you but does no damage.
Harold blocks your attack.
Harold is moderately wounded.
Your spectral weapon hits Harold but does no damage.
Harold hits you but does no damage.
Joseph shoots a sling bullet.
The sling bullet hits you!
You hit Harold.
Harold is moderately wounded.
Harold blocks your spectral weapon's attack.
Harold hits you with a +1 trident of freezing!
* * * LOW HITPOINT WARNING * * *
Harold freezes you.
* * * LOW HITPOINT WARNING * * *
Okay, then.
You feel better.
Harold hits you with a +1 trident of freezing!!
You die...

#######
###.....#
.......#
#.....#
#.....#
#..<..#
#..†@.#
#...@@(#
#......≈.≈
#######..#..
#... .### .
#


You could see Harold, Joseph and a friendly spectral +1 hand axe of Ascent
{freeze, rN+}.

Vanquished Creatures
  Pikel (D:5)
  A troll (D:7)
  A hippogriff (D:6)
  Eustachio (D:5)
  Edmund (D:4)
  A water moccasin (D:4)
  A crocodile (D:7)
  A soldier ant (D:7)
  A sky beast (D:7)
  An ice beast (D:7)
  An orc warrior (D:7)
  3 ogres
  3 phantoms
  A centaur (D:5)
  6 bullfrogs
  2 elf zombies (Ossuary)
  A water moccasin skeleton (D:7)
  A scorpion (D:6)
  3 wights (D:6)
  5 centaur zombies (Ossuary)
  3 crimson imps
  5 hounds
  5 human zombies (Ossuary)
  5 jellies
  3 orc priests (D:3)
  Jessica (D:3)
  2 iguanas
  3 orc wizards
  6 worker ants
  A hound zombie (D:7)
  3 mummies (Ossuary)
  A howler monkey skeleton (D:5)
  10 adders
  An ooze (D:2)
  An adder skeleton (D:3)
  5 worms
  6 dart slugs
  A leopard gecko (D:1)
  23 orcs
  2 giant cockroaches
  8 hobgoblins
  5 jackals
  5 quokkas
  3 ball pythons
  6 bats
  9 frilled lizards
  2 goblins (D:1)
  5 kobolds
  A quokka skeleton (D:3)
  3 rats
170 creatures vanquished.

Vanquished Creatures (others)
  3 spectral weapons
3 creatures vanquished.

Grand Total: 173 creatures vanquished

Notes
Turn   | Place    | Note
-------+----------+-------------------------------------------
     0 | D:1      | DogServant the Sand Dwarf Skald began the quest for the
                  | Orb.
     0 | D:1      | Reached XP level 1. HP: 18/18 MP: 3/3
   131 | D:1      | Reached XP level 2. HP: 25/25 MP: 5/5
   633 | D:1      | Reached skill level 1 in Maces & Flails
   633 | D:1      | Reached XP level 3. HP: 30/30 MP: 6/6
  1240 | D:2      | Learned a level 2 spell: Song of Slaying
  1384 | D:2      | Reached XP level 4. HP: 38/38 MP: 7/7
  1777 | D:3      | Found a sparkling altar of Nemelex Xobeh.
  2100 | D:3      | Noticed Jessica
  2116 | D:3      | Killed Jessica
  2116 | D:3      | Reached skill level 1 in Shields
  2116 | D:3      | Reached XP level 5. HP: 17/45 MP: 8/8
  2647 | D:3      | Reached XP level 6. HP: 51/51 MP: 1/9
  3080 | D:4      | Reached skill level 5 in Maces & Flails
  3136 | D:4      | Noticed a phantom
  3164 | D:4      | Killed a phantom
  3164 | D:4      | Reached XP level 7. HP: 51/57 MP: 7/10
  3209 | D:4      | Reached skill level 5 in Charms
  3296 | D:4      | Got a bloodstained hand axe
  3627 | D:4      | Identified the cursed +1 hand axe of Ascent {freeze, rN+}
                  | (You found it on level 4 of the Dungeon)
  3633 | D:4      | Learned a level 3 spell: Spectral Weapon
  3828 | D:4      | Noticed Edmund
  3845 | D:4      | Killed Edmund
  3927 | D:4      | Reached skill level 1 in Hexes
  3927 | D:4      | Reached XP level 8. HP: 52/66 MP: 8/11
  4196 | D:5      | Entered Level 5 of the Dungeon
  4279 | D:5      | Noticed Eustachio
  4293 | D:5      | Killed Eustachio
  4293 | D:5      | Reached skill level 5 in Armour
  4559 | D:5      | Found Ycilalo's Gadget Shoppe.
  4618 | D:5      | Noticed Pikel
  4630 | D:5      | Killed Pikel
  4630 | D:5      | Reached skill level 5 in Fighting
  4630 | D:5      | Reached XP level 9. HP: 43/74 MP: 9/12
  5794 | D:6      | Reached skill level 5 in Axes
  5881 | D:6      | Learned a level 1 spell: Sandblast
  5929 | D:6      | Found a staircase to the Ecumenical Temple.
  6385 | D:7      | Found a sand-covered staircase.
  6390 | Ossuary  | Entered an ossuary
  6428 | Ossuary  | Reached skill level 1 in Earth Magic
  6431 | Ossuary  | Paralysed by fainting for 10 turns
  6821 | D:7      | Reached XP level 10. HP: 31/84 MP: 5/13
  7513 | D:8      | Noticed Harold
  7517 | D:8      | Noticed Joseph
  7529 | D:8      | Slain by Harold

Skill      XL: |  1  2  3  4  5  6  7  8  9 10 |
---------------+-------------------------------+-----
Maces & Flails | 1 2 3 4 5 6 7 |  7.3
Fighting       | 3 5 6 7 |  7.4
Shields        | 1 |  1.1
Charms         | 4 5 6 7 |  7.8
Armour         | 2 3 4 5 |  5.3
Hexes          | 1 2 4 |  4.5
Axes           | 3 5 6 |  6.4
Dodging        | 2 3 |  3.3
Earth Magic    | 2 3 |  3.8
Spellcasting   | |  2.2

Action                   |  1- 3 |  4- 6 |  7- 9 | 10-12 || total
-------------------------+-------+-------+-------+-------++-------
Melee: Hand axe          |    58 |       |   305 |    69 ||   432
       Whip              |    55 |   128 |    31 |       ||   214
 Cast: Infusion          |    12 |     7 |    30 |     8 ||    57
       Song of Slaying   |     1 |     3 |     9 |     3 ||    16
       Spectral Weapon   |       |       |     6 |     5 ||    11
  Use: Potion            |       |     5 |     1 |     5 ||    11
       Scroll            |       |       |    12 |       ||    12
 Stab: Distracted        |       |       |     2 |       ||     2
  Eat: Chunk             |     6 |    10 |    18 |     2 ||    36
       Ration            |       |       |     2 |     1 ||     3
Armor: Leather armour    |    21 |       |       |       ||    21
       Ring mail         |    18 |    10 |       |       ||    28
       Chain mail        |       |    28 |     8 |       ||    36
       Scale mail        |       |       |   112 |    32 ||   144
Dodge: Dodged            |   105 |    47 |   167 |    37 ||   356
Block: Medium shield     |       |     8 |       |       ||     8
       Other             |       |     3 |    18 |     3 ||    24
